 Dungeon Crawl Stone Soup version 0.29.1-13-g9f3cf754e1 (webtiles) character file.

Game seed: 14763201387787518591

21 hbarley the Trooper (level 2, -2/27 HPs)
             Began as a Hill Orc Fighter on Jan 30, 2023.
             Slain by a gnoll
             ... wielding a +0 flail
              (8 damage)
             ... on level 1 of the Dungeon.
             The game lasted 00:01:07 (372 turns).

hbarley the Trooper (Hill Orc Fighter)               Turns: 372, Time: 00:01:07

Health: -2/27      AC:  7    Str: 18    XL:     2   Next: 87%
Magic:  2/2        EV:  9    Int:  8    God:
Gold:   26         SH:  4    Dex: 10    Spells: 1/1 levels left

rFire   . . .      SeeInvis .   a - +0 war axe
rCold   . . .      Faith    .   c - +0 buckler
rNeg    . . .      Spirit   .   b - +0 scale mail
rPois   .          Reflect  .   (no helmet)
rElec   .          Harm     .   (no cloak)
rCorr   .          Rampage  .   (no gloves)
Will    .....                   (no boots)
Stlth   ..........              (no amulet)
HPRegen 0.09/turn               (no ring)
MPRegen 0.08/turn               (no ring)

@: no status effects
A: no striking features
a: no special abilities


You were on level 1 of the Dungeon.
You visited 1 branch of the dungeon, and saw 1 of its levels.

You collected 26 gold pieces.

Inventory:

Hand Weapons
 a - a +0 war axe (weapon)
Armour
 b - a +0 scale mail (worn)
 c - a +0 buckler (worn)
Scrolls
 e - a scroll of teleportation {unknown}
 g - a scroll of amnesia {unknown}
 h - a scroll of identify {unknown}
Potions
 d - a potion of might
 f - 2 potions of curing {unknown}


   Skills:
 + Level 3.9 Fighting
 + Level 3.0 Axes
 + Level 3.7 Armour
 + Level 3.5 Shields


You had one spell level left.
You didn't know any spells.
Your spell library was empty.

Dungeon Overview and Level Annotations

Branches:
Dungeon (1/15)

Altars:


Message History

The endoplasm freezes you.
You are frozen.
The endoplasm freezes you.
You are frozen.
You hit the endoplasm.
You kill the endoplasm!
You barely miss the hobgoblin. The hobgoblin closely misses you.
You barely miss the hobgoblin. You block the hobgoblin's attack.
You hit the hobgoblin but do no damage. The hobgoblin closely misses you.
The hobgoblin hits you but does no damage.
You hit the hobgoblin but do no damage. You miss the kobold.
The kobold barely misses you. You block the hobgoblin's attack.
You miss the kobold. You barely miss the hobgoblin.
The kobold hits you with a +0 whip. The hobgoblin barely misses you.
You barely miss the kobold. You hit the hobgoblin.
The kobold hits you with a +0 whip.
A goblin comes into view. It is wielding a +0 club.
The hobgoblin closely misses you. The hobgoblin hits you.
You block the kobold's attack.
You closely miss the kobold.
The goblin shouts!
You hit the hobgoblin.
You kill the hobgoblin!
A gnoll comes into view. It is wielding a +0 flail.
The kobold hits you with a +0 whip.
You barely miss the kobold. The kobold hits you but does no damage.
The kobold hits you with a +0 whip. The goblin hits you with a +0 club.
* * * LOW HITPOINT WARNING * * *
You barely miss the kobold. You slash the goblin!
You kill the goblin!
The kobold hits you with a +0 whip.
* * * LOW HITPOINT WARNING * * *
You hit the kobold.
You kill the kobold!
Things that are here:
a +0 whip; a kobold corpse You hit the gnoll.
The gnoll is heavily wounded.
The gnoll hits you but does no damage. The gnoll hits you with a +0 flail!
You die...

.......†......####.###
#. ####.....#!..##
#...# #. #.........#
###)#### #...)..#.##
#..... #...†.##(#
#.....### #.....#..#
#..#.## #.......##
##.#.. #......## # .#.
#####@)# #. # #g## ##
#.# [.. ... .....
..... .......


You could see a gnoll.

Vanquished Creatures
  2 bats (D:1)
  An endoplasm (D:1)
  2 hobgoblins (D:1)
  4 kobolds (D:1)
  A quokka (D:1)
  A frilled lizard (D:1)
  5 goblins (D:1)
  5 rats (D:1)
21 creatures vanquished.

Notes
Turn   | Place    | Note
-------+----------+-------------------------------------------
     0 | D:1      | hbarley the Hill Orc Fighter began the quest for the Orb.
     0 | D:1      | Reached XP level 1. HP: 19/19 MP: 1/1
    39 | D:1      | Reached XP level 2. HP: 7/27 MP: 2/2
   372 | D:1      | Slain by a gnoll

Illustrated notes

Levels and vault maps discovered:
D:1:      psy_arrival_basics, layout_rooms,
          dreamdust_ecumenical_altar_drowned_temple, lexackson_kobold_supper

Skill      XL: |  1  2 |
---------------+-------+-----
Axes           | 3 |  3.0
Fighting       | |  3.9
Armour         | |  3.7
Shields        | |  3.5

Action                   || total
-------------------------++-------
Melee: War axe           ||    50
Armor: Scale mail        ||    29
Dodge: Dodged            ||    17
Block: Buckler           ||    15
